Map: Acid Plant LE

Players

Senryakku - Winner!

  • Race: Terran Terran
  • League: Master
  • Spawn Location: 11:00

A.I. 1 (Elite)

  • Race: Zerg Zerg
  • Spawn Location: 5:00

VOD

Have the link to the VOD?

Description

Time

  • Played on: Oct. 25, 2018, 8:55 a.m.
  • Length: 11:50
Show
View Real Time Build Order
Export as new Build Order

Senryakku Terran - Winner!

Build Orders: Command Center First (CC), Mech 

Get SALT Encoding   

  12  0:01  SCV  
  13  0:13  SCV  
  14  0:17  Supply Depot  
  14  0:25  SCV  
  15  0:39  SCV  
  16  0:51  SCV  
  17  1:00  Command Center  
  17  1:03  SCV  
  18  1:16  Barracks  
  19  1:18  SCV  
  19  1:24  Refinery  
  19  1:30  SCV  
  19  1:32  Refinery  
  20  1:42  SCV  
  21  2:04  Reaper, Orbital Command  
  22  2:13  Orbital Command  
  22  2:21  Factory  
  22  2:30  SCV  
  23  2:40  SCV  
  23  2:42  SCV, Barracks Reactor  
  25  2:52  SCV  
  25  2:54  SCV  
  27  3:04  SCV  
  28  3:07  Supply Depot  
  28  3:09  Starport  
  28  3:11  SCV  
  29  3:17  SCV  
  29  3:18  Refinery  
  30  3:22  Hellion  
  30  3:23  Hellion  
  30  3:24  SCV  
  30  3:25  Marine  
  36  3:32  SCV  
  37  3:36  SCV  
  38  3:41  Supply Depot  
  38  3:46  Viking, Hellion x2  
  44  3:49  SCV x2  
  44  3:51  Starport  
  46  3:57  Supply Depot  
  46  4:03  SCV x2  
  46  4:04  Supply Depot  
  46  4:07  Refinery  
  48  4:10  Hellion x2  
  48  4:15  Fusion Core  
  52  4:18  SCV x2  
  54  4:25  Supply Depot  
  54  4:30  SCV x2  
  54  4:31  Starport Tech Lab x2  
  56  4:37  Supply Depot  
  56  4:42  SCV x2  
  58  4:49  Hellion x2  
  62  4:58  SCV x2  
  64  5:09  Battlecruiser x2  
  76  5:16  Hellion x2  
  76  5:20  Armory  
  80  5:22  SCV x2  
  80  5:26  Weapon Refit  
  82  5:31  Supply Depot  
  82  5:35  SCV x2  
  86  5:50  Hellion  
  86  5:53  Supply Depot, Hellion  
  86  5:54  Supply Depot  
  88  5:58  Command Center  
  88  6:13  SCV x2  
  90  6:21  Battlecruiser x2  
  102  6:31  Terran Vehicle And Ship Armor Level 1  
  102  6:33  Supply Depot  
  102  6:46  Hellion x2  
  106  6:50  Factory  
  106  6:51  Factory  
  106  6:58  SCV x2  
  106  7:00  Supply Depot  
  106  7:09  Hellion x2  
  110  7:21  SCV x2  
  112  7:35  Hellion x2  
  116  7:39  Factory Tech Lab x2  
  116  7:41  Medivac x2  
  120  7:50  SCV x2  
  122  7:53  Orbital Command  
  122  7:56  Refinery  
  122  7:57  Refinery  
  125  7:58  Siege Tank x2  
  125  8:00  Hellion x2  
  125  8:01  Supply Depot, Barracks Reactor  
  125  8:02  Supply Depot  
  125  8:05  Factory  
  132  8:08  Factory  
  132  8:10  SCV x2  
  134  8:21  SCV  
  134  8:22  SCV x2  
  134  8:23  Hellion x2  
  134  8:25  Supply Depot x2  
  141  8:30  Medivac  
  141  8:31  Medivac  
  141  8:32  Siege Tank x2  
  141  8:33  SCV  
  152  8:39  SCV  
  152  8:40  SCV  
  154  8:41  Terran Vehicle Weapons Level 1  
  154  8:44  Armory  
  154  8:45  SCV  
  157  8:48  Hellion, Engineering Bay  
  157  8:49  Hellion  
  159  8:58  SCV x3  
  159  8:59  Factory Tech Lab  
  162  9:10  SCV  
  162  9:11  Siege Tank x2  
  162  9:15  Hellion x2  
  173  9:26  Supply Depot  
  173  9:27  Supply Depot  
  173  9:31  Supply Depot, Infernal Pre-Igniter  
  173  9:32  Supply Depot, Smart Servos  
  173  9:34  Command Center  
  173  9:47  Hellion x2, Siege Tank, SCV  
  173  9:49  Hellion x2, Siege Tank, SCV  
  173  9:52  Viking x2, SCV  
  194  10:02  Barracks Reactor  
  194  10:06  Starport  
  194  10:26  Hellion x3  
  200  11:13  Planetary Fortress  
  200  11:36  Refinery  
  200  11:39  Refinery  
Show
View Real Time Build Order
Export as new Build Order

A.I. 1 (Elite) Zerg 

Build Orders: Pool First 

Get SALT Encoding   

  12  0:00  Drone  
  13  0:12  Overlord  
  13  0:17  Drone  
  14  0:30  Drone x2  
  14  0:34  Drone  
  17  0:47  Spawning Pool  
  17  0:48  Drone  
  17  1:08  Hatchery  
  16  1:12  Drone  
  16  1:15  Extractor  
  16  1:17  Drone  
  17  1:20  Extractor  
  17  1:23  Drone  
  17  1:27  Drone  
  18  1:38  Drone  
  19  1:48  Overlord  
  19  1:53  Queen  
  21  1:59  Zergling x2  
  22  2:10  Drone  
  23  2:20  Queen  
  25  2:23  Drone  
  25  2:29  Drone  
  27  2:34  Drone  
  28  2:39  Drone  
  29  2:52  Roach Warren  
  29  2:53  Drone  
  29  2:57  Drone  
  30  3:01  Drone  
  30  3:03  Zergling x2  
  31  3:07  Zergling x2  
  32  3:13  Overlord  
  32  3:16  Drone  
  32  3:19  Drone  
  34  3:34  Roach x3  
  36  3:35  Roach  
  42  3:42  Lair  
  42  3:47  Overlord  
  42  3:52  Overlord  
  42  3:56  Zergling x2  
  42  3:59  Zergling x2  
  44  4:05  Drone, Zergling x2  
  44  4:07  Drone  
  44  4:09  Drone  
  48  4:12  Drone  
  48  4:14  Drone  
  50  4:19  Roach  
  50  4:22  Roach  
  54  4:26  Overlord  
  54  4:34  Drone  
  54  4:36  Drone  
  57  4:38  Drone  
  57  4:41  Drone  
  57  4:43  Infestation Pit, Drone  
  58  4:46  Overlord  
  58  4:51  Overlord  
  58  4:54  Roach  
  58  4:57  Roach  
  62  5:05  Hydralisk Den  
  61  5:10  Drone  
  61  5:12  Drone  
  63  5:14  Drone  
  63  5:16  Drone  
  63  5:18  Drone  
  63  5:19  Infestor  
  63  5:20  Drone  
  69  5:22  Drone  
  69  5:24  Drone  
  69  5:25  Drone  
  69  5:27  Drone  
  73  5:30  Overlord  
  73  5:33  Drone  
  73  5:34  Drone  
  75  5:36  Hydralisk, Drone  
  75  5:39  Hydralisk  
  80  5:45  Roach  
  80  5:49  Infestor  
  82  5:50  Roach, Overlord  
  82  5:53  Metabolic Boost  
  86  5:58  Evolution Chamber  
  86  6:00  Drone  
  86  6:13  Extractor  
  86  6:15  Drone, Extractor  
  85  6:21  Evolution Chamber, Drone  
  85  6:22  Ravager  
  85  6:23  Evolution Chamber  
  85  6:24  Drone  
  85  6:25  Zerg Missile Weapons Level 1  
  83  6:28  Drone  
  83  6:29  Hatchery  
  80  6:33  Drone  
  80  6:36  Drone  
  80  6:38  Drone  
  77  6:40  Drone  
  77  6:43  Drone  
  77  6:46  Zerg Melee Weapons Level 1  
  77  6:47  Hydralisk  
  77  6:49  Zerg Ground Armor Level 1  
  77  6:50  Hydralisk  
  77  6:53  Drone  
  77  6:57  Drone  
  75  7:01  Drone  
  75  7:08  Overlord  
  75  7:12  Drone  
  70  7:19  Hydralisk  
  70  7:22  Drone  
  68  7:29  Hydralisk  
  65  7:34  Roach  
  57  7:38  Zergling x2  
  57  7:41  Zergling x2  
  56  7:47  Roach  
  52  7:54  Hydralisk  
  50  8:00  Roach  
  50  8:05  Hydralisk  
  50  8:08  Drone  
  50  8:11  Drone  
  53  8:14  Zergling x2  
  53  8:17  Drone  
  53  8:19  Zergling x2  
  55  8:25  Hydralisk  
  55  8:28  Drone  
  55  8:30  Drone  
  51  8:45  Overlord  
  44  9:08  Hatchery  
  44  9:09  Spawning Pool  
  42  9:29  Overlord  
  42  9:31  Drone  
  43  9:32  Drone  
  43  9:34  Drone  
  43  9:36  Drone  
  46  9:39  Drone  
  47  9:47  Drone x2  
  47  9:48  Overlord  
  47  9:51  Drone  
  50  9:53  Drone  
  50  9:55  Drone  
  50  9:56  Lair  
  50  9:57  Zergling x4  
  50  9:58  Drone  
  55  10:00  Roach Warren, Drone  
  55  10:02  Drone  
  56  10:09  Drone  
  56  10:12  Overlord  
  57  10:19  Drone  
  57  10:20  Drone  
  59  10:23  Drone  
  59  10:24  Infestor  
  62  10:32  Drone  
  62  10:33  Drone  
  62  10:35  Drone  
  65  10:37  Drone  
  65  10:39  Overlord  
  65  10:40  Ravager  
  65  10:41  Drone  
  68  10:43  Drone  
  68  10:44  Drone  
  48  10:51  Roach  
  48  10:53  Roach  
  48  10:56  Overseer  
  51  10:57  Spire  
  51  10:59  Hydralisk Den  
  51  11:02  Zergling x2  
  41  11:05  Zergling x2  
  41  11:07  Roach x2  
  40  11:20  Spawning Pool  
Tags
 
Add a new tag
Caveats
  • Supply blocks, unpowered buildings, or Contaminate may cause inaccurate times.
  • Supply counts are checked every 10 seconds.